 Dungeon Crawl Stone Soup version 0.27-a0-1595-g0b823d0a13 (webtiles) character file.

Game seed: 1311558394221190936

2123 Froggeryz the Cleaver (level 9, -1/63 HPs)
             Began as a Human Berserker on July 20, 2021.
             Was a Priest of Trog.
             Killed from afar by Maggie (20 damage)
             ... with a bolt of fire
             ... on level 6 of the Dungeon.
             The game lasted 00:06:21 (7463 turns).

Froggeryz the Cleaver (Human Berserker)             Turns: 7463, Time: 00:06:22

Health: -1/63      AC: 11    Str: 20    XL:     9   Next: 54%
Magic:  9/9        EV:  8    Int:  9    God:    Trog [***...]
Gold:   200        SH:  0    Dex: 12    Spells: 8/8 levels left

rFire    . . .     SeeInvis .   k - +0 dagger (venom)
rCold    + . .     Faith    .   (no shield)
rNeg     . . .     Spirit   .   m - +0 chain mail
rPois    +         Reflect  .   (no helmet)
rElec    .         Harm     .   (no cloak)
rCorr    .         Rampage  .   j - +0 pair of gloves
Will     .....                  (no boots)
Stlth    ..........             y - amulet of regeneration
HPRegen  1.20/turn              f - ring of poison resistance
MPRegen  0.11/turn              r - ring of protection from cold

@: on berserk cooldown, slowed, very slow
A: no striking features
a: Renounce Religion, Berserk, Trog's Hand


You were on level 6 of the Dungeon.
You worshipped Trog.
Trog was most pleased with you.
You visited 1 branch of the dungeon, and saw 7 of its levels.

You collected 200 gold pieces.

Inventory:

Hand Weapons
 a - a +0 hand axe
 k - a +0 dagger of venom (weapon)
Missiles
 i - 22 poisoned darts (quivered)
 q - 4 javelins
 t - 12 boomerangs
Armour
 j - a +0 pair of gloves (worn)
 m - a +0 chain mail (worn)
Jewellery
 f - a ring of poison resistance (left hand)
 r - a ring of protection from cold (right hand)
 y - an amulet of regeneration (around neck)
Scrolls
 c - a scroll of summoning
 d - 2 scrolls of identify
 e - 4 scrolls of teleportation
 g - a scroll of magic mapping
 h - a scroll of immolation
 p - a scroll of noise {unknown}
 s - a scroll of fear
 A - a scroll of enchant armour
 C - a scroll of enchant weapon {unknown}
Potions
 b - 3 potions of invisibility
 l - a potion of magic {unknown}
 n - a potion of heal wounds {unknown}
 o - a potion of attraction {unknown}
 u - 2 potions of lignification {unknown}
 v - 2 potions of curing {unknown}
 w - 2 potions of resistance {unknown}
 x - a potion of mutation {unknown}
 z - a potion of haste {unknown}
 B - a potion of flight {unknown}


   Skills:
 - Level 3.0 Fighting
 * Level 10.2 Axes
 + Level 4.7 Throwing
 - Level 5.1 Armour
 - Level 2.0 Dodging


You had 8 spell levels left.
You didn't know any spells.
Your spell library was empty.

Dungeon Overview and Level Annotations

Branches:
Dungeon (7/15)             Temple (0/1) D:4

Altars:
Trog
Zin

Annotations:
D:6 Maggie


Message History

The bolt of fire hits you!!
You puncture Maggie!
Maggie is poisoned.
Maggie is lightly wounded.
An ogre comes into view. It is wielding a +0 giant club.
Maggie hits you with a +0 broad axe.
You puncture Maggie!
Maggie looks as sick as possible!
Maggie is moderately wounded.
You puncture Maggie!
Maggie looks as sick as possible!
Maggie is heavily wounded.
Maggie hits you with a +0 broad axe!
You barely miss Maggie.
Maggie is heavily wounded.
You barely miss Maggie.
Maggie is heavily wounded.
Maggie barely misses you.
There is a stone staircase leading up here.
You feel a strong urge to attack something.
You are no longer berserk.
You are exhausted.
You feel yourself slow down.
Maggie casts a spell.
Maggie attempts to bespell you! You resist with almost no effort.
You climb upwards.
There is a stone staircase leading down here.
You closely miss Maggie.
Maggie is severely wounded.
Maggie gestures wildly while chanting.
Maggie attempts to bespell you!
You easily resist.
You hit Maggie but do no damage.
Maggie looks as sick as possible!
Maggie is severely wounded.
Maggie barely misses you. Maggie hits you with a +0 broad axe!
You hit Maggie but do no damage.
Maggie looks as sick as possible!
Maggie is severely wounded.
Maggie hits you with a +0 broad axe.
You hit Maggie.
Maggie looks as sick as possible!
Maggie is almost dead.
Maggie hits you with a +0 broad axe! Maggie gestures at you while chanting.
The bolt of fire hits you!!
You die...

#.# ####.....# #.#
#......... #.#
#.###'###. #.# #.#
#.# #. #.#
##.###.###. #.#
#..+.._..'.
####.###..#######.
#@........# ### #.
#@...<....#######.
#########.........
##....#...
#.####... #.# #.#.
#.# #... #.######.
###.#......
#.....#....


You could see Maggie (extremely poisoned).

Vanquished Creatures
  Pikel (D:4)
  A troll (D:6)
  Sigmund (D:5)
  A wyvern (D:5)
  A steam dragon (D:6)
  Menkaure (D:4)
  A water moccasin (D:6)
  Duvessa (D:4)
  A sky beast (D:6)
  2 necrophages
  2 lemures (D:3)
  A scorpion (D:6)
  Dowan (D:4)
  A water moccasin skeleton (D:6)
  A jelly (D:5)
  2 orc priests
  A bullfrog skeleton (D:6)
  A centaur skeleton (D:6)
  An iguana (D:6)
  Jessica (D:2)
  3 orc wizards
  A killer bee zombie (D:5)
  4 gnolls (D:4)
  4 adders
  A howler monkey skeleton (D:5)
  A shadow imp (D:5)
  2 white imps (D:6)
  2 worms (D:2)
  3 dart slugs
  16 orcs
  8 bats
  9 endoplasms
  A giant cockroach (D:1)
  6 goblins
  6 hobgoblins
  4 jackals (D:4)
  3 quokkas
  8 ball pythons
  7 frilled lizards
  5 kobolds
  4 rats (D:2)
121 creatures vanquished.

Notes
Turn   | Place    | Note
-------+----------+-------------------------------------------
     0 | D:1      | Froggeryz the Human Berserker began the quest for the Orb.
     0 | D:1      | Reached XP level 1. HP: 18/18 MP: 1/1
   113 | D:1      | Reached XP level 2. HP: 22/24 MP: 2/2
   424 | D:1      | Reached XP level 3. HP: 14/29 MP: 3/3
  1293 | D:2      | Noticed Jessica
  1392 | D:2      | Killed Jessica
  1393 | D:2      | Reached skill level 4 in Axes
  1393 | D:2      | Reached XP level 4. HP: 27/35 MP: 4/4
  1686 | D:2      | Reached ** piety under Trog
  2338 | D:3      | Reached XP level 5. HP: 24/41 MP: 5/5
  2475 | D:3      | Found a faded altar of an unknown god.
  3375 | D:4      | Noticed a lemure
  3375 | D:4      | Noticed a lemure
  3375 | D:4      | Noticed a lemure
  3376 | D:4      | Noticed Pikel
  3377 | D:4      | Noticed a lemure
  3418 | D:3      | Killed a lemure
  3438 | D:3      | Killed a lemure
  3616 | D:4      | Reached skill level 5 in Axes
  3993 | D:4      | Noticed Menkaure
  4003 | D:4      | Killed Menkaure
  4004 | D:4      | Reached XP level 6. HP: 33/47 MP: 6/6
  4008 | D:4      | Killed Pikel
  4009 | D:4      | Reached skill level 6 in Axes
  4009 | D:4      | Reached XP level 7. HP: 21/52 MP: 7/7
  4231 | D:4      | Found a staircase to the Ecumenical Temple.
  4422 | D:4      | Noticed Duvessa
  4456 | D:4      | Killed Duvessa
  4457 | D:4      | Reached skill level 7 in Axes
  4479 | D:4      | Noticed Dowan
  4490 | D:4      | Killed Dowan
  4821 | D:4      | Reached skill level 5 in Armour
  4821 | D:4      | Reached XP level 8. HP: 58/58 MP: 8/8
  5361 | D:5      | Entered Level 5 of the Dungeon
  5379 | D:5      | Reached *** piety under Trog
  5481 | D:5      | Noticed Sigmund
  5488 | D:5      | Killed Sigmund
  5489 | D:5      | Reached skill level 1 in Throwing
  5591 | D:5      | Reached skill level 8 in Axes
  6065 | D:5      | Noticed a wyvern
  6074 | D:5      | Killed a wyvern
  6704 | D:6      | Noticed a troll
  6716 | D:6      | Killed a troll
  6717 | D:6      | Reached skill level 9 in Axes
  6717 | D:6      | Reached XP level 9. HP: 19/63 MP: 9/9
  7072 | D:6      | Found a glowing silver altar of Zin.
  7121 | D:6      | Found a bloodstained altar of Trog.
  7143 | D:6      | Reached skill level 10 in Axes
  7445 | D:7      | Noticed Maggie
  7463 | D:6      | Killed from afar by Maggie

Illustrated notes

Levels and vault maps discovered:
D:1:      minmay_arrival_four_circles, layout_basic
D:2:      layout_rooms, uniq_jessica
D:3:      wad_crossroads, layout_basic, shapermc_ecumenical_altar_mp_highgroup,
          grunt_ministairs_15
D:4:      layout_basic, minmay_temple_entry_glass, uniq_menkaure, uniq_pikel,
          uniq_duvessa
D:5:      layout_loops_ring, uniq_sigmund
D:6:      layout_basic, lemuel_doored_altar, trog_three_pillars_becter,
          grunt_ministairs_2
D:7:      layout_basic, grunt_dithmenos_smoke, general_overflow_altar,
          minmay_shop_mayhem, minmay_fractal_squares_diagonal_5, uniq_maggie,
          uniq_harold, uniq_crazy_yiuf_cottage

Skill      XL: |  1  2  3  4  5  6  7  8  9 |
---------------+----------------------------+-----
Axes           | 4 5 6 7 9 10 | 10.2
Armour         | 3 4 5 |  5.1
Throwing       | 3 4 |  4.7
Fighting       | |  3.0
Dodging        | |  2.0

Action                   |  1- 3 |  4- 6 |  7- 9 || total
-------------------------+-------+-------+-------++-------
Melee: Hand axe          |    70 |    80 |   123 ||   273
       Dagger            |       |    87 |   163 ||   250
Invok: Berserk           |       |     3 |     9 ||    12
       Trog's Hand       |       |       |     1 ||     1
  Use: Scroll            |       |       |    10 ||    10
 Stab: Sleeping          |     1 |       |       ||     1
Armor: Animal skin       |    19 |     7 |       ||    26
       Leather armour    |       |    14 |       ||    14
       Chain mail        |       |    20 |   122 ||   142
Dodge: Dodged            |    53 |    75 |    92 ||   220

Table legend: (Time is in decaauts)
 A = Elapsed time spent in this place.
 B = Non-inter-level travel time spent in this place.
 C = Inter-level travel time spent in this place.
 D = Time resting spent in this place.
 E = Time spent auto-exploring this place.
 F = Levels seen in this place.
 G = Mean time per level.
                   A        B        C        D        E       F      G
               +--------+--------+--------+--------+--------+-----+--------+
         Total |   7538 |   7403 |    135 |   1439 |   4821 |   7 | 1076.9 |
       Dungeon |   7538 |   7403 |    135 |   1439 |   4821 |   7 | 1076.9 |
               +--------+--------+--------+--------+--------+-----+--------+

Top non-repeatable levels by time:
     D:4: 1863 daAuts
     D:1: 1379 daAuts
     D:3: 1241 daAuts
     D:5: 1191 daAuts
     D:2: 928 daAuts
     D:6: 923 daAuts
     D:7: 9 daAuts
